 Dungeon Crawl Stone Soup version 0.20.1-1-g8b1a95d (webtiles) character file.

65 McKennaii the Conjurer (level 3, -1/26 HPs)
             Began as a Draconian Conjurer on Aug 5, 2017.
             Slain by Crazy Yiuf
             ... wielding a +2 quarterstaff of chaos
              (10 damage)
             ... on level 2 of the Dungeon.
             The game lasted 00:02:02 (1814 turns).

McKennaii the Conjurer (Draconian Conjurer)         Turns: 1814, Time: 00:02:03

Health: -1/26      AC:  6    Str: 10    XL:     3   Next: 92%
Magic:  2/7        EV: 12    Int: 16    God:
Gold:   106        SH:  0    Dex: 11    Spells: 7/8 levels left

rFire    . . .     SeeInvis .   (no weapon)
rCold    . . .     Gourm    .   (no shield)
rNeg     . . .     Faith    .   (armour unavailable)
rPois    .         Spirit   .   (helmet restricted)
rElec    .         Reflect  .   (no cloak)
rCorr    .         Harm     .   h - +0 pair of gloves
MR       .....                  (no boots)
Stlth    ++........             (no amulet)
Regen    0.1/turn               (no ring)
MPRegen  0.1/turn               (no ring)

@: lethally poisoned (-1 -> -6), very slightly contaminated, invisible
A: unfitting armour, cold-blooded, AC +5
a: no special abilities


You were on level 2 of the Dungeon.
You were hungry.

You visited 1 branch of the dungeon, and saw 2 of its levels.

You collected 106 gold pieces.

Inventory:

Armour
 h - a +0 pair of gloves (worn)
Jewellery
 p - an uncursed ring of protection from fire {unknown}
Scrolls
 c - a scroll of fog {unknown}
 f - a scroll of noise {unknown}
 j - 2 scrolls of identify {unknown}
 k - a scroll of teleportation {unknown}
 l - a scroll of remove curse {unknown}
 m - a scroll of random uselessness {unknown}
Potions
 e - a potion of berserk rage {unknown}
 g - a potion of flight {unknown}
 n - a potion of mutation {unknown}
Books
 a - a book of Conjurations

   Spells                             Type                      Level
   a - Magic Dart                     Conjuration                  1
   b - Searing Ray                    Conjuration                  2
   c - Dazzling Spray                 Conjuration/Hexes            3
   d - Fulminant Prism                Conjuration/Hexes            4
   e - Force Lance                    Conjuration/Translocation    4
   f - Iskenderun's Mystic Blast      Conjuration                  4
Comestibles
 b - 2 bread rations
 d - 3 fruits
 i - a meat ration


   Skills:
 + Level 1.9 Dodging
 + Level 2.3 Stealth
 + Level 0.2 Unarmed Combat
 * Level 3.0 Spellcasting
 + Level 4.4 Conjurations


You had 7 spell levels left.
You knew the following spells:

 Your Spells              Type           Power        Failure   Level  Hunger
a - Magic Dart            Conj           ###.         3%          1    #......


Dungeon Overview and Level Annotations

Branches:
Dungeon (2/15)

Altars:
Makhleb
Uskayaw
Vehumet

Annotations:
D:2 Crazy Yiuf


Innate Abilities, Weirdness & Mutations

Your plain brown scales are hard. (AC +5)
You cannot fit into any form of body armour.
You are cold-blooded and may be slowed by cold attacks.


Message History

You feel sick.
Crazy Yiuf hits you with a quarterstaff of chaos!
You suddenly lose the ability to move!
Crazy Yiuf hits you with a quarterstaff of chaos.
You fade into invisibility!
You are very lightly contaminated with residual magic.
You feel sick.
Crazy Yiuf waves his quarterstaff at you.
Crazy Yiuf barely misses you.
You can move again.
Casting: Magic Dart
Confirm with . or Enter, or press ? or * to list all spells.
Aiming: Magic Dart
Press: ? - help, Shift-Dir - straight line, f/p - Crazy Yiuf
Aim: Crazy Yiuf, wielding a quarterstaff of chaos and wearing a cloak (heavily wounded)
The magic dart hits Crazy Yiuf.
Crazy Yiuf is heavily wounded.
Crazy Yiuf says, "Iron noodlescoop agre!"
Crazy Yiuf hits you with a quarterstaff of chaos!
You die...

########### #.##.##.##......# ##
#.##.##.######### # #.##.##.# #
######### ######### #........
♣♣♣♣♣########## ###
♣♣♣)♣)P#.'.......
#)))#♣))♣)P.....###...
#.))g@♣♣♣♣PP....# #... #)))#♣♣
♣♣♣#..## #... ### #### #.(. ####
############## ####
####.#.......##.########
...#######....#####'####.........
...'.....'....+........).########


You could see Crazy Yiuf.

Vanquished Creatures
  An adder (D:2)
  2 oozes
  A worm (D:2)
  2 dart slugs (D:2)
  A leopard gecko (D:1)
  A ball python (D:2)
  2 giant cockroaches
  11 goblins
  2 hobgoblins
  A quokka (D:2)
  4 bats
  A frilled lizard (D:1)
  5 kobolds
  5 rats
  A fungus (D:2)
40 creatures vanquished.

Vanquished Creatures (others)
  4 toadstools (D:1)
4 creatures vanquished.

Grand Total: 44 creatures vanquished

Notes
Turn   | Place    | Note
-------+----------+-------------------------------------------
     0 | D:1      | McKennaii the Draconian Conjurer began the quest for the Orb.
     0 | D:1      | Reached XP level 1. HP: 14/14 MP: 3/3
   191 | D:1      | Reached XP level 2. HP: 15/20 MP: 0/5
   938 | D:2      | Reached XP level 3. HP: 26/26 MP: 3/6
  1523 | D:2      | Found a radiant altar of Vehumet.
  1528 | D:2      | Found a burning altar of Makhleb.
  1532 | D:2      | Found a hide-covered altar of Uskayaw.
  1803 | D:2      | Found a runed door.
  1807 | D:2      | Noticed Crazy Yiuf
  1811 | D:2      | Paralysed by Crazy Yiuf for 3 turns
  1814 | D:2      | Slain by Crazy Yiuf

Skill      XL: |  1  2  3 |
---------------+----------+-----
Stealth        | 2 |  2.3
Spellcasting   | 3 |  3.0
Dodging        | |  1.9
Unarmed Combat | |  0.2
Conjurations   | |  4.4

Action                   || total
-------------------------++-------
Melee: Unarmed           ||    86
       Tailslap          ||    15
 Cast: Magic Dart        ||    75
  Eat: Chunk             ||     3
Armor: Skin              ||    20
Dodge: Dodged            ||    49
